 Dungeon Crawl Stone Soup version 0.29.1-2-gbd0b4ee654 (webtiles) character file.

Game seed: 14699911670784070133

32 hawla the Chiller (level 3, -1/26 HPs)
             Began as a Meteoran Ice Elementalist on Nov 30, 2022.
             Slain by a gnoll
             ... wielding a +0 spear
              (8 damage)
             ... on level 3 of the Dungeon.
             The game lasted 00:02:19 (292 turns).

hawla the Chiller (Meteoran Ice Elementalist)        Turns: 292, Time: 00:02:20

Health: -1/26      AC:  2    Str:  9    XL:     3   Next: 64%
Magic:  10/17      EV: 12    Int: 19    God:
Gold:   32         SH:  0    Dex: 14    Spells: 4/8 levels left

rFire   . . .      SeeInvis .   (no weapon)
rCold   . . .      Faith    .   (no shield)
rNeg    . . .      Spirit   .   a - +0 robe
rPois   .          Reflect  .   (no helmet)
rElec   .          Harm     .   (no cloak)
rCorr   .          Rampage  .   (no gloves)
Will    .....                   (no boots)
Stlth   +.........              (no amulet)
HPRegen 0.08/turn               e - ring of magical power
MPRegen 0.15/turn               (no ring)

@: freezing walls, glowing
A: sense surroundings 1, otherworldly, glowing, explore regen
a: no special abilities


You were on level 3 of the Dungeon.
You visited 1 branch of the dungeon, and saw 3 of its levels.

You collected 32 gold pieces.

Inventory:

Armour
 a - a +0 robe (worn)
Jewellery
 e - a ring of magical power (left hand)
Scrolls
 c - a scroll of teleportation {unknown}
 f - a scroll of identify {unknown}
 g - a scroll of poison {unknown}
 j - a scroll of enchant weapon {unknown}
Potions
 b - a potion of magic
 d - a potion of brilliance {unknown}
 h - a potion of invisibility {unknown}
 i - a potion of resistance {unknown}


   Skills:
 + Level 2.5 Dodging
 - Level 1.4 Stealth
 + Level 3.3 Spellcasting
 + Level 5.2 Ice Magic


You had 4 spell levels left.
You knew the following spells:

 Your Spells              Type           Power      Damage    Failure   Level
a - Freeze                Ice            88%        1d10      1%          1
b - Frozen Ramparts       Ice            44%        1d7       5%          3

Your spell library contained the following spells:

 Spells                   Type           Power      Damage    Failure   Level
 Ozocubu's Armour         Ice            22%        N/A       5%          3
 Hailstorm                Conj/Ice       13%        3d5       45%         4


Dungeon Overview and Level Annotations

Branches:
Dungeon (3/15) Zot: 1508

Altars:
Okawaru


Innate Abilities, Weirdness & Mutations

You passively map a small area around you.
You are easily found by Zot.
You glow in the dark.
You regain HP and MP as you explore.


Message History

The walls around you are covered in ice.
The gnoll closely misses you.
The wall freezes the gnoll.
The gnoll hits you with a +0 club.
Unknown command.
Casting: Frozen Ramparts (quite dangerous; 5% risk of failure)
Confirm with . or Enter, or press ? or * to list all spells.
Aiming: Freeze (safe; 1% risk of failure)
Press: ? - help, Shift-Dir - straight line, f - gnoll
Aim: a gnoll, wielding a +0 club (lightly wounded)
You freeze the gnoll!
You kill the gnoll!
The gnoll throws a stone.
The stone hits you. The gnoll hits you but does no damage.
Your frozen ramparts will break if you move.
Continue?
The frozen ramparts melt away as you move.
The gnoll hits you from afar with a +0 spear.
The goblin hits you with a +0 dagger.
Casting: Freeze (safe; 1% risk of failure)
Confirm with . or Enter, or press ? or * to list all spells.
The spell is quite dangerous to miscast (5% risk of failure)!
Continue anyway?
Casting: Frozen Ramparts (quite dangerous; 5% risk of failure)
Press: ? - help, Dir - look around, f - activate The walls around you are covered in ice.
The wall freezes the gnoll.
The wall freezes the goblin.
The goblin hits you with a +0 dagger.
Casting: Frozen Ramparts (quite dangerous; 5% risk of failure)
Confirm with . or Enter, or press ? or * to list all spells.
Aiming: Freeze (safe; 1% risk of failure)
Press: ? - help, Shift-Dir - straight line, f - goblin
Aim: a goblin, wielding a +0 dagger (heavily wounded)
You freeze the goblin.
You kill the goblin!
The wall freezes the gnoll but does no damage.
The gnoll hits you from afar with a +0 spear.
* * * LOW HITPOINT WARNING * * *
The wall freezes the gnoll. x2; The gnoll barely misses you.
The wall freezes the gnoll.
The wall freezes the gnoll but does no damage.
The gnoll hits you from afar with a +0 spear!
You die...

* #..............
*,#.###.#######.#
,, , #.###.# , *
* ,#.##..# , ,
#.#..## * *
####...## , ,
#.....##
.....##.## ,
.###* #@# , ,
#g########*
..######g........
#..g..)#.........
.................
#......#.........
,
#......#####.....
, #...... ..... ,
#..$...* ,.... ,
,


You could see 2 gnolls.

Vanquished Creatures
  A gnoll (D:3)
  An adder (D:2)
  A worm (D:2)
  2 endoplasms (D:2)
  2 goblins
  A hobgoblin (D:2)
  A quokka (D:2)
  A bat (D:2)
  A kobold (D:2)
11 creatures vanquished.

Notes
Turn   | Place    | Note
-------+----------+-------------------------------------------
     0 | D:1      | hawla the Meteoran Ice Elementalist began the quest for the
                  | Orb.
     0 | D:1      | Reached XP level 1. HP: 14/14 MP: 5/5
   191 | D:2      | Reached XP level 2. HP: 20/20 MP: 6/6
   192 | D:2      | Found an iron altar of Okawaru.
   213 | D:2      | Reached skill level 5 in Ice Magic
   213 | D:2      | Reached XP level 3. HP: 13/26 MP: 8/8
   220 | D:2      | Learned a level 3 spell: Frozen Ramparts
   292 | D:3      | Slain by a gnoll

Illustrated notes

Levels and vault maps discovered:
D:1:      onia_arrival_pyramid, layout_rooms,
          shapermc_ecumenical_altar_mp_vishouse
D:2:      layout_basic, basic_altar, dreamdust_wishing_well, minmay_pentomino_r4
D:3:      layout_basic, amcnicky_altar_gilded

Skill      XL: |  1  2 |
---------------+-------+-----
Spellcasting   | 3 |  3.3
Ice Magic      | 5 |  5.2
Dodging        | |  2.5
Stealth        | |  1.4

Action                   || total
-------------------------++-------
 Cast: Freeze            ||    23
       Frozen Ramparts   ||     3
Armor: Robe              ||     4
Dodge: Dodged            ||    15
